TOP OF THE 1ST |
Louisiana State University Tigers batting - Pitching for University of Minnesota Golden Gophers : RHP Julio Trejo
|
Pitching: RHP Julio Trejo
|
|
Batting: SHB Jose Melendez
|
0-0: Ball 1-0: Ground out 4-3 (Groundball, 4M, EV 81.3 MPH)
|
Batting: LHB Lourens Aukema
|
0-0: Ball 1-0: Foul Ball, location: 2F 1-1: Ball 2-1: Swinging Strike 2-2: Strikes out looking
|
Batting: RHB Fate Makeever
|
0-0: SINGLE (Line Drive, 7S, EV 95.6 MPH)
|
Batting: LHB Bob Govella
|
0-0: Ball 1-0: Fly out, F7 (Flyball, 78D, EV 83.1 MPH)
|
Top of the 1st over - 0 runs, 1 hit, 0 errors, 1 left on base; Louisiana State University 0 - University of Minnesota 0 |
BOTTOM OF THE 1ST |
University of Minnesota Golden Gophers batting - Pitching for Louisiana State University Tigers : RHP Jesus Castro
|
Pitching: RHP Jesus Castro
|
|
Batting: LHB Yomas Rodriguez
|
0-0: Ball 1-0: Ground out 5-3 (Groundball, 15, EV 84.4 MPH)
|
Batting: RHB Fernando Sosa
|
0-0: Ball 1-0: Called Strike 1-1: Ground out 6-3 (Groundball, 6, EV 96.9 MPH)
|
Batting: LHB Shohei Nishi
|
0-0: Ball 1-0: Ball 2-0: Foul Ball, location: 2F 2-1: Foul Ball, location: 2F 2-2: DOUBLE (Line Drive, 8RXD, EV 101.9 MPH)
|
Batting: LHB Dean Bloemendal
|
0-0: Swinging Strike 0-1: Fly out, F8 (Flyball, 8LD, EV 103.1 MPH)
|
Bottom of the 1st over - 0 runs, 1 hit, 0 errors, 1 left on base; Louisiana State University 0 - University of Minnesota 0 |
TOP OF THE 2ND |
Louisiana State University Tigers batting - Pitching for University of Minnesota Golden Gophers : RHP Julio Trejo
|
Batting: RHB Chris Trites
|
0-0: Called Strike 0-1: Foul Ball, location: 2F 0-2: Foul Ball, location: 2F 0-2: Ball 1-2: Strikes out swinging
|
Batting: LHB Ângelo Schwn
|
0-0: SINGLE (Groundball, 4MD, EV 105.0 MPH)
|
Batting: RHB Andy Marinez
|
0-0: Swinging Strike 0-1: Hit by Pitch Ângelo Schwn to second
|
Batting: RHB Andy Jamison
|
0-0: Ball 1-0: Ball 2-0: Fielders Choice at 2nd, 4-6 (Groundball, 4M, EV 95.0 MPH) Ângelo Schwn to third
|
Batting: SHB Emmet Brickowski
|
0-0: Called Strike 0-1: Ball 1-1: Fly out, F7 (Flyball, 78S, EV 71.9 MPH)
|
Top of the 2nd over - 0 runs, 1 hit, 0 errors, 2 left on base; Louisiana State University 0 - University of Minnesota 0 |
BOTTOM OF THE 2ND |
University of Minnesota Golden Gophers batting - Pitching for Louisiana State University Tigers : RHP Jesus Castro
|
Batting: RHB Roberto Rios
|
0-0: Called Strike 0-1: SINGLE (Groundball, 4S, EV 61.9 MPH) (infield hit)
|
Batting: RHB Luis Monita
|
0-0: Ball 1-0: Foul Ball, location: 2F 1-1: Ball 2-1: Foul Ball, location: 2F 2-2: Fielders Choice at 2nd, 6-4 (Groundball, 56, EV 96.3 MPH)
|
Batting: RHB Omar Amaya
|
0-0: Ball 1-0: 2-RUN HOME RUN (Flyball, 89XD, EV 106.3 MPH), Distance : 424 ft
|
Batting: RHB David Gomez
|
0-0: Ball 1-0: Swinging Strike 1-1: SINGLE (Line Drive, 9LS, EV 105.0 MPH)
|
Batting: RHB Benjie Alejandro
|
0-0: Called Strike 0-1: Grounds into double play, 4-6-3 (Groundball, P, EV 89.4 MPH)
|
Bottom of the 2nd over - 2 runs, 3 hits, 0 errors, 0 left on base; Louisiana State University 0 - University of Minnesota 2 |
TOP OF THE 3RD |
Louisiana State University Tigers batting - Pitching for University of Minnesota Golden Gophers : RHP Julio Trejo
|
Batting: SHB Jose Melendez
|
0-0: Ground out 6-3 (Groundball, 6, EV 89.4 MPH)
|
Batting: LHB Lourens Aukema
|
0-0: Fly out, F9 (Flyball, 89M, EV 83.8 MPH)
|
Batting: RHB Fate Makeever
|
0-0: Called Strike 0-1: Called Strike 0-2: Ball 1-2: Foul Ball, location: 2F 1-2: Ball 2-2: Foul Ball, location: 2F 2-2: Ball 3-2: Strikes out swinging
|
Top of the 3rd over - 0 runs, 0 hits, 0 errors, 0 left on base; Louisiana State University 0 - University of Minnesota 2 |
BOTTOM OF THE 3RD |
University of Minnesota Golden Gophers batting - Pitching for Louisiana State University Tigers : RHP Jesus Castro
|
Batting: LHB Yomas Rodriguez
|
0-0: Ball 1-0: Ball 2-0: Ball 3-0: Base on Balls
|
Batting: RHB Fernando Sosa
|
0-0: Ball 1-0: 2-RUN HOME RUN (Flyball, 7D, EV 96.3 MPH), Distance : 387 ft
|
Batting: LHB Shohei Nishi
|
0-0: Called Strike 0-1: Ball 1-1: Ball 2-1: Ball 3-1: Base on Balls
|
Batting: LHB Dean Bloemendal
|
0-0: Ball 1-0: Foul Ball, location: 2F 1-1: Foul Ball, location: 2F 1-2: Strikes out swinging
|
Batting: RHB Roberto Rios
|
0-0: SINGLE (Line Drive, 9LS, EV 106.3 MPH) Shohei Nishi to second
|
Batting: RHB Luis Monita
|
0-0: Foul Ball, location: 2F 0-1: DOUBLE (Line Drive, 7LM, EV 102.5 MPH) Shohei Nishi scores Roberto Rios to third Runner from 3rd tries for Home, SAFE, no throw by LF
|
Pitching: RHP Fernando Arredondo
|
|
Batting: RHB Omar Amaya
|
0-0: Ball 1-0: Swinging Strike 1-1: Swinging Strike 1-2: Strikes out looking
|
Batting: RHB David Gomez
|
0-0: SINGLE (Flyball, 56D, EV 98.1 MPH) Luis Monita to third Runner from 3rd tries for Home, SAFE, throw by LF to home
|
Batting: RHB Benjie Alejandro
|
0-0: Ball 1-0: Called Strike 1-1: Foul Ball, location: 2F 1-2: Hit by Pitch David Gomez to second
|
Batting: LHB Yomas Rodriguez
|
0-0: Ball 1-0: SINGLE (Groundball, 56D, EV 100.6 MPH) David Gomez to third Benjie Alejandro to second Runner from 3rd tries for Home, SAFE, throw by LF to home
|
Batting: RHB Fernando Sosa
|
0-0: Swinging Strike 0-1: Swinging Strike 0-2: Strikes out swinging
|
Bottom of the 3rd over - 6 runs, 5 hits, 0 errors, 2 left on base; Louisiana State University 0 - University of Minnesota 8 |
TOP OF THE 4TH |
Louisiana State University Tigers batting - Pitching for University of Minnesota Golden Gophers : RHP Julio Trejo
|
Batting: LHB Bob Govella
|
0-0: Called Strike 0-1: SINGLE (Groundball, 4MS, EV 71.3 MPH) (infield hit)
|
Batting: RHB Chris Trites
|
0-0: Ball 1-0: Fielders Choice at 2nd, 3-6 (Groundball, 3, EV 102.5 MPH)
|
Batting: LHB Ângelo Schwn
|
0-0: Swinging Strike 0-1: Fly out, F1 (Line Drive, P, EV 71.9 MPH)
|
Batting: RHB Andy Marinez
|
0-0: Called Strike 0-1: Ball 1-1: Ball 2-1: Ball 3-1: Swinging Strike 3-2: Ground out 6-3 (Groundball, 6, EV 82.5 MPH)
|
Top of the 4th over - 0 runs, 1 hit, 0 errors, 1 left on base; Louisiana State University 0 - University of Minnesota 8 |
BOTTOM OF THE 4TH |
University of Minnesota Golden Gophers batting - Pitching for Louisiana State University Tigers : RHP Fernando Arredondo
|
Batting: LHB Shohei Nishi
|
0-0: Swinging Strike 0-1: Ground out 4-3 (Groundball, 4, EV 92.5 MPH)
|
Batting: LHB Dean Bloemendal
|
0-0: SINGLE (Flyball, 3D, EV 95.0 MPH)
|
Batting: RHB Roberto Rios
|
0-0: Called Strike 0-1: DOUBLE (Groundball, 5L, EV 101.3 MPH) Dean Bloemendal to third
|
Batting: RHB Luis Monita
|
0-0: Ball 1-0: Foul Ball, location: 2F 1-1: Ball 2-1: Foul Ball, location: 2F 2-2: Foul Ball, location: 2F 2-2: Ball 3-2: Base on Balls
|
Batting: RHB Omar Amaya
|
0-0: Swinging Strike 0-1: Fly out, F6 (Popup, 6M, EV 78.8 MPH)
|
Batting: RHB David Gomez
|
0-0: Ball 1-0: Swinging Strike 1-1: SINGLE (Line Drive, 8RS, EV 90.0 MPH) Dean Bloemendal scores Roberto Rios to third Luis Monita to second Runner from 3rd tries for Home, SAFE, throw by CF to home
|
Batting: RHB Benjie Alejandro
|
0-0: Ground out 3-1 (Groundball, 34S, EV 89.4 MPH)
|
Bottom of the 4th over - 2 runs, 3 hits, 0 errors, 2 left on base; Louisiana State University 0 - University of Minnesota 10 |
TOP OF THE 5TH |
Louisiana State University Tigers batting - Pitching for University of Minnesota Golden Gophers : RHP Julio Trejo
|
Batting: RHB Andy Jamison
|
0-0: Called Strike 0-1: Swinging Strike 0-2: Hit by Pitch
|
Batting: SHB Emmet Brickowski
|
0-0: Ball 1-0: Ball 2-0: Fly out, F9 (Flyball, 9LM, EV 92.5 MPH)
|
Batting: SHB Jose Melendez
|
0-0: Ball 1-0: Foul Ball, location: 2F 1-1: Foul Ball, location: 2F 1-2: Ball 2-2: Fielders Choice at 2nd, 3-6 (Groundball, 34S, EV 87.5 MPH)
|
Batting: LHB Lourens Aukema
|
0-0: Foul Ball, location: 2F 0-1: Ball 1-1: SINGLE (Groundball, 4D, EV 96.3 MPH) Jose Melendez to second
|
Batting: RHB Fate Makeever
|
0-0: Called Strike 0-1: Fly out, F5 (Line Drive, 5, EV 70.0 MPH)
|
Top of the 5th over - 0 runs, 1 hit, 0 errors, 2 left on base; Louisiana State University 0 - University of Minnesota 10 |
BOTTOM OF THE 5TH |
University of Minnesota Golden Gophers batting - Pitching for Louisiana State University Tigers : RHP Fernando Arredondo
|
Batting: LHB Yomas Rodriguez
|
0-0: Fly out, F8 (Flyball, 8RD, EV 96.3 MPH)
|
Batting: RHB Fernando Sosa
|
0-0: Ball 1-0: Called Strike 1-1: Ground out 4-3 (Groundball, 4, EV 91.3 MPH)
|
Batting: LHB Shohei Nishi
|
0-0: Swinging Strike 0-1: Ball 1-1: Ball 2-1: Called Strike 2-2: Strikes out looking
|
Bottom of the 5th over - 0 runs, 0 hits, 0 errors, 0 left on base; Louisiana State University 0 - University of Minnesota 10 |
TOP OF THE 6TH |
Louisiana State University Tigers batting - Pitching for University of Minnesota Golden Gophers : RHP Julio Trejo
|
Batting: LHB Bob Govella
|
0-0: Ball 1-0: SOLO HOME RUN (Flyball, 7D, EV 96.3 MPH), Distance : 369 ft
|
Batting: RHB Chris Trites
|
0-0: Ball 1-0: Ball 2-0: Ball 3-0: Called Strike 3-1: Foul Ball, location: 2RF, Error on foul ball, E2 3-2: Foul Ball, location: 2F 3-2: Fly out, F6 (Popup, 6M, EV 70.6 MPH)
|
Batting: LHB Ângelo Schwn
|
0-0: Called Strike 0-1: Ball 1-1: Foul Ball, location: 2F 1-2: Foul Ball, location: 2F 1-2: Ground out 6-3 (Groundball, 6, EV 81.9 MPH)
|
Batting: RHB Andy Marinez
|
0-0: Ball 1-0: Ball 2-0: DOUBLE (Line Drive, 8RD, EV 106.9 MPH)
|
Pitching: RHP Murilo Selo
|
|
Batting: RHB Andy Jamison
|
0-0: Called Strike 0-1: SINGLE (Line Drive, 7S, EV 103.8 MPH) Andy Marinez to third
|
Batting: SHB Emmet Brickowski
|
0-0: Called Strike 0-1: Swinging Strike 0-2: Ground out 4-3 (Groundball, 4, EV 93.8 MPH)
|
Top of the 6th over - 1 run, 3 hits, 1 error, 2 left on base; Louisiana State University 1 - University of Minnesota 10 |
BOTTOM OF THE 6TH |
University of Minnesota Golden Gophers batting - Pitching for Louisiana State University Tigers : RHP Fernando Arredondo
|
Batting: LHB Dean Bloemendal
|
0-0: Swinging Strike 0-1: Swinging Strike 0-2: Ball 1-2: Strikes out swinging
|
Batting: RHB Roberto Rios
|
0-0: Ball 1-0: Fly out, F8 (Flyball, 8RD, EV 103.8 MPH)
|
Batting: RHB Luis Monita
|
0-0: Called Strike 0-1: Ball 1-1: Swinging Strike 1-2: Ball 2-2: Ground out U3 (Groundball, 3, EV 103.1 MPH)
|
Bottom of the 6th over - 0 runs, 0 hits, 0 errors, 0 left on base; Louisiana State University 1 - University of Minnesota 10 |
TOP OF THE 7TH |
Louisiana State University Tigers batting - Pitching for University of Minnesota Golden Gophers : RHP Murilo Selo
|
Pinch Hitting: RHB Xavier Kingman
|
0-0: Called Strike 0-1: Called Strike 0-2: Strikes out swinging
|
Batting: LHB Lourens Aukema
|
0-0: Called Strike 0-1: Foul Ball, location: 2F 0-2: Strikes out looking
|
Batting: RHB Fate Makeever
|
0-0: Called Strike 0-1: Ground out 4-3 (Groundball, 4, EV 103.8 MPH)
|
Top of the 7th over - 0 runs, 0 hits, 0 errors, 0 left on base; Louisiana State University 1 - University of Minnesota 10 |
BOTTOM OF THE 7TH |
University of Minnesota Golden Gophers batting - Pitching for Louisiana State University Tigers : RHP Fernando Arredondo
|
Now in CF: Jian-guo Fu
|
|
Batting: RHB Omar Amaya
|
0-0: Called Strike 0-1: Ball 1-1: SOLO HOME RUN (Flyball, 7LD, EV 90.0 MPH), Distance : 341 ft
|
Batting: RHB David Gomez
|
0-0: Ball 1-0: Called Strike 1-1: Called Strike 1-2: Fly out, F9 (Line Drive, 9S, EV 106.3 MPH)
|
Batting: RHB Benjie Alejandro
|
0-0: Ball 1-0: Ball 2-0: Called Strike 2-1: Ball 3-1: Base on Balls
|
Pitching: RHP Jim Tomkiewicz
|
|
Pinch Hitting: RHB Miguel Sanchez
|
0-0: Called Strike 0-1: Ball Pickoff Throw by Catcher to First - Out! 1-1: Called Strike 1-2: Ball 2-2: Strikes out swinging
|
Bottom of the 7th over - 1 run, 1 hit, 0 errors, 0 left on base; Louisiana State University 1 - University of Minnesota 11 |
TOP OF THE 8TH |
Louisiana State University Tigers batting - Pitching for University of Minnesota Golden Gophers : RHP Murilo Selo
|
Now at 2B: Alex Padilla
|
|
Pinch Hitting: RHB Chris Golden
|
0-0: Ball 1-0: Ball 2-0: Called Strike 2-1: Called Strike 2-2: Ball 3-2: Base on Balls
|
Pinch Hitting: RHB Jesus Esquivel
|
0-0: Called Strike 0-1: Ball 1-1: Called Strike 1-2: 2-RUN HOME RUN (Flyball, 7LD, EV 93.8 MPH), Distance : 343 ft
|
Pinch Hitting: LHB Flynn Robinson
|
0-0: Ball 1-0: Ball 2-0: Ball 3-0: Foul Ball, location: 2F 3-1: Foul Ball, location: 2F 3-2: Foul Ball, location: 2F 3-2: Foul Ball, location: 2F 3-2: Base on Balls
|
Batting: RHB Andy Marinez
|
0-0: Ball 1-0: Ball 2-0: Fielders Choice at 2nd, 6-4 (Groundball, 6, EV 86.9 MPH)
|
Pitching: RHP Bobby Nestor
|
|
Pinch Hitting: SHB Mario Mercado
|
0-0: Ball 1-0: Called Strike 1-1: SINGLE (Groundball, 34D, EV 101.9 MPH) Andy Marinez to second
|
Batting: SHB Emmet Brickowski
|
0-0: Ball 1-0: Ball 2-0: Ball 3-0: Called Strike 3-1: Foul Ball, location: 2F 3-2: Base on Balls Andy Marinez to third Mario Mercado to second
|
Batting: LHB Jian-guo Fu
|
0-0: Ball 1-0: Called Strike 1-1: Fly out, F8 (Flyball, 78D, EV 95.6 MPH) Runner from 3rd tags up, SCORES, throw by CF Mario Mercado to third
|
Pinch Hitting: SHB Noah Long
|
0-0: Ball 1-0: Foul Ball, location: 2F 1-1: Foul Ball, location: 2F 1-2: Foul Ball, location: 2F 1-2: Ball 2-2: Foul Ball, location: 2F Pickoff Throw to First - Out! 1-3
|
Top of the 8th over - 3 runs, 2 hits, 0 errors, 1 left on base; Louisiana State University 4 - University of Minnesota 11 |
BOTTOM OF THE 8TH |
University of Minnesota Golden Gophers batting - Pitching for Louisiana State University Tigers : RHP Jim Tomkiewicz
|
Now at 1B: Jwahir Pili
|
|
Now at 3B: Flynn Robinson
|
|
Now at SS: Mario Mercado
|
|
Now in LF: Noah Long
|
|
Now in RF: Adam De Bello
|
|
Batting: RHB Fernando Sosa
|
0-0: Ball 1-0: Called Strike 1-1: Ball 2-1: SOLO HOME RUN (Line Drive, 9D, EV 98.8 MPH), Distance : 365 ft
|
Batting: LHB Shohei Nishi
|
0-0: Ball 1-0: Foul Ball, location: 2F 1-1: Ground out U3 (Groundball, 3, EV 108.8 MPH)
|
Pinch Hitting: RHB Shu-yen Shan
|
0-0: SINGLE (Line Drive, 7S, EV 91.9 MPH)
|
Batting: RHB Roberto Rios
|
0-0: Foul Ball, location: 2F 0-1: SINGLE (Line Drive, 9LM, EV 102.5 MPH) Shu-yen Shan to second
|
Batting: RHB Luis Monita
|
0-0: 3-RUN HOME RUN (Flyball, 78XD, EV 111.3 MPH), Distance : 429 ft
|
Batting: RHB Omar Amaya
|
0-0: SINGLE (Groundball, 34D, EV 93.8 MPH)
|
Batting: RHB David Gomez
|
0-0: Ball 1-0: Ball 2-0: SINGLE (Flyball, 8LS, EV 98.1 MPH) Omar Amaya to second
|
Pinch Hitting: RHB Nelson Calderon
|
0-0: Called Strike 0-1: Foul Ball, location: 2F 0-2: Ball 1-2: SINGLE (Groundball, 4S, EV 68.8 MPH) (infield hit) Omar Amaya to third David Gomez to second
|
Pinch Hitting: LHB Melvin Castillo
|
0-0: Called Strike 0-1: Foul Ball, location: 2F 0-2: Ball 1-2: Fielders Choice at 2nd, 4-6 (Groundball, 4, EV 85.6 MPH) Omar Amaya scores David Gomez to third
|
Pitching: LHP Jesus Ortiz
|
|
Batting: RHB Fernando Sosa
|
0-0: Ball 1-0: Foul Ball, location: 2F 1-1: Ball 2-1: Ball 3-1: Base on Balls Melvin Castillo to second
|
Pinch Hitting: RHB Alex Cardenas
|
0-0: Called Strike 0-1: Foul Ball, location: 2F 0-2: Strikes out swinging
|
Bottom of the 8th over - 5 runs, 7 hits, 0 errors, 3 left on base; Louisiana State University 4 - University of Minnesota 16 |
TOP OF THE 9TH |
Louisiana State University Tigers batting - Pitching for University of Minnesota Golden Gophers : RHP Bobby Nestor
|
Now at 2B: Nelson Calderon
|
|
Now at 3B: Shu-yen Shan
|
|
Now in LF: Alex Cardenas
|
|
Now in RF: Cody Dean
|
|
Pinch Hitting: RHB Fernando Membreno
|
0-0: Ball 1-0: Foul Ball, location: 2F 1-1: Ball 2-1: Ball 3-1: Foul Ball, location: 2F 3-2: SINGLE (Groundball, 4D, EV 96.9 MPH)
|
Batting: RHB Fate Makeever
|
0-0: Ball 1-0: SINGLE (Flyball, 78S, EV 91.3 MPH) Fernando Membreno to second
|
Pinch Hitting: LHB Jon Escobar
|
0-0: Fly out, F5 (Popup, 25F, EV 91.3 MPH)
|
Pinch Hitting: RHB Mike Larson
|
0-0: Foul Ball, location: 2F 0-1: Ball 1-1: Fielders Choice at 2nd, 6-4 (Groundball, 6, EV 106.3 MPH) Fernando Membreno to third
|
Pinch Hitting: RHB Alberto Bravo
|
0-0: SINGLE (Groundball, 4MD, EV 103.1 MPH) Fernando Membreno scores Mike Larson to second
|
Pinch Hitting: SHB Kevin Greenan
|
0-0: Fly out, F7 (Flyball, 78S, EV 89.4 MPH)
|
Top of the 9th over - 1 run, 3 hits, 0 errors, 2 left on base; Louisiana State University 5 - University of Minnesota 16 |
|